 Dungeon Crawl Stone Soup version 0.30.1-9-gdf580d7c3d (webtiles) character file.

Game seed: 496549808769951912

76 CastCrusader the Chopper (level 4, -2/36 HPs)
             Began as a Demonspawn Gladiator on Sept 27, 2023.
             Shot with an arrow by a centaur (10 damage)
             ... on level 3 of the Dungeon.
             The game lasted 00:12:15 (2450 turns).

CastCrusader the Chopper (Demonspawn Gladiator)     Turns: 2450, Time: 00:12:18

Health: -2/36      AC: 11    Str: 14    XL:     4   Next: 12%
Magic:  4/4        EV: 11    Int: 10    God:
Gold:   99         SH:  0    Dex: 16    Spells: 3/3 levels left

rFire   + . .        a - +0 war axe
rCold   x . .        (no shield)
rNeg    . . .        v - +2 ring mail
rPois   .            p - +2 helmet
rElec   .            (no cloak)
rCorr   .            (no gloves)
SInv    .            (no boots)
Will    .....        (no amulet)
Stlth   +            g - ring of fire
HPRegen 0.26/turn    (no ring)
MPRegen 0.18/turn

%: no passive effects
@: no status effects
A: rugged brown scales 1, magic regeneration
a: no special abilities


You were on level 3 of the Dungeon.
You visited 1 branch of the dungeon, and saw 3 of its levels.

You collected 99 gold pieces.

Inventory:

Hand Weapons
 a - a +0 war axe (weapon)
 i - a +0 trident
 s - a +0 dagger
Missiles
 e - 5 javelins (quivered)
 q - 26 stones
Armour
 b - a +0 leather armour
 c - a +0 helmet
 n - a +0 helmet
 p - a +2 helmet (worn)
 u - a +0 scale mail
 v - a +2 ring mail (worn)
Jewellery
 g - a ring of fire (left hand)
Scrolls
 k - a scroll of magic mapping
 l - a scroll of fog {unknown}
 o - 2 scrolls of noise {unknown}
 r - a scroll of teleportation {unknown}
 t - 3 scrolls of enchant armour
Potions
 f - a potion of haste {unknown}
 h - a potion of lignification {unknown}
 j - 2 potions of curing {unknown}
 m - a potion of cancellation {unknown}
 w - a potion of flight {unknown}


   Skills:
 * Level 3.0 Fighting
 * Level 3.3 Axes
 + Level 2.2 Throwing
 + Level 0.9 Armour
 - Level 2.8 Dodging


You had 3 spell levels left.
You didn't know any spells.
Your spell library was empty.

Dungeon Overview and Level Annotations

Branches:
Dungeon (3/15)

Altars:

Shops:
D:2 (

Annotations:
D:3 Robin


Innate Abilities, Weirdness & Mutations

You are partially covered in rugged brown scales. (AC +1, +3% HP)
You regenerate magic rapidly.


Message History

The endoplasm hits you but does no damage.
You hit the endoplasm but do no damage.
The endoplasm is severely wounded.
The endoplasm freezes you.
You are frozen!
You feel a terrible chill!
The centaur unwields a +1 shortbow of flaming.
It stops flaming.
The centaur hits you.
* * * LOW HITPOINT WARNING * * *
The centaur kicks you but does no damage.
Throw: 3 throwing nets
Press: ? - help, Q - select action, (/) - cycle Shift-Dir - straight line, f - centaur
Aim: a centaur (72% to hit)
You throw a throwing net. The throwing net hits the centaur.
The centaur is caught in the net!
The centaur struggles against the net.
The endoplasm barely misses you. The endoplasm attacks as you move away!
The endoplasm closely misses you.
The centaur struggles against the net. x2
You barely miss the endoplasm.
The endoplasm is severely wounded.
The centaur struggles against the net.
The net rips apart, and the centaur comes free!
The endoplasm hits you but does no damage.
The endoplasm barely misses you. The endoplasm barely misses you.
The centaur wields a +1 shortbow of flaming.
It bursts into flame!
The centaur shoots an arrow.
The arrow barely misses you.
Throw: 2 throwing nets
Press: ? - help, Q - select action, (/) - cycle Shift-Dir - straight line, f/p - centaur
Aim: a centaur, wielding a +1 shortbow of flaming (72% to hit)
You throw a throwing net.
The throwing net barely misses the centaur.
The centaur shoots an arrow.
The arrow closely misses you. The endoplasm closely misses you.
Throw: throwing net
Press: ? - help, Q - select action, (/) - cycle Shift-Dir - straight line, f/p - centaur
Aim: a centaur, wielding a +1 shortbow of flaming (72% to hit)
You throw a throwing net.
The throwing net closely misses the centaur.
The centaur shoots an arrow.
The arrow hits you!
You die...

#...# *,,,..,,,,,,,,*,**
###...###.#,#.##**'**,,*,*
#######......<..#,*..##,⌠,**,,**
#...........##..#.##w.##,,,*#,,*
#.#####.##..##..#......##,,.#*,,
#.# #.##..##..####....##...**,
#.# #.##..##..c.wJ.....''.⌠,++
#.# #.##..##..#.##....##...**,
#.# #.##.....@J..#...##,,,#*,g
#.# #.#........#....##,,,**,,#
#.# #.....##.#.....##,⌠,**,,*#
#.#####.....†...†...####+##,,***
#..............##.#........,*,,,
#################.##.......,,,,,
#.#*#.#.###***** #.#**.#,# *
#..,,.#,********


You could see a centaur, a worm and 2 endoplasms.

Vanquished Creatures
  3 adders
  A dart slug (D:1)
  An orc (D:3)
  4 bats
  2 endoplasms
  2 giant cockroaches (D:3)
  5 goblins
  A hobgoblin (D:1)
  4 jackals (D:1)
  3 quokkas
  4 ball pythons
  4 frilled lizards
  5 kobolds
  5 rats
44 creatures vanquished.

Notes
Turn   | Place    | Note
-------+----------+-------------------------------------------
     0 | D:1      | CastCrusader the Demonspawn Gladiator began the quest for
                  | the Orb.
     0 | D:1      | Reached XP level 1. HP: 16/16 MP: 1/1
   117 | D:1      | Gained mutation: You regenerate magic rapidly. [demonic
                  | ancestry]
   117 | D:1      | Reached XP level 2. HP: 19/22 MP: 2/2
   153 | D:1      | You fall into a shaft and drop 1 floor!
   550 | D:2      | Found Gemnivea's Weapon Emporium.
  1027 | D:1      | Gained mutation: You are partially covered in rugged brown
                  | scales. (AC +1, +3% HP) [demonic ancestry]
  1027 | D:1      | Reached XP level 3. HP: 22/28 MP: 3/3
  1821 | D:3      | Noticed Robin
  2426 | D:3      | Reached XP level 4. HP: 36/36 MP: 4/4
  2433 | D:3      | Noticed a centaur
  2450 | D:3      | Shot with an arrow by a centaur

Illustrated notes

Levels and vault maps discovered:
D:1:      wander_arrival_estate, layout_rooms, serial_park_tiny_2
D:2:      layout_basic, serial_forest, infiniplex_forest_lined_2,
          infiniplex_forest_clump_medium, infiniplex_forest_clump_curved,
          infiniplex_forest_straight_2, infiniplex_forest_diagonal,
          serial_shops, nicolae_shop_crystal
D:3:      layout_loops_ring, chequers_serial_rivers_micro_e,
          grunt_decor_arrowhead, uniq_robin

Skill      XL: |  1  2  3 |
---------------+----------+-----
Throwing       | 2 |  2.2
Axes           | 3 |  3.3
Fighting       | 3 |  3.0
Armour         | |  0.9
Dodging        | |  2.8

Action                     |  1- 3 |  4- 6 || total
---------------------------+-------+-------++-------
  Melee: War axe           |   231 |     3 ||   234
         Punch             |     3 |       ||     3
  Throw: Throwing net      |       |     3 ||     3
    Use: Scroll            |     3 |       ||     3
   Stab: Sleeping          |     1 |       ||     1
 Armour: Leather armour    |    29 |       ||    29
         Ring mail         |    11 |     5 ||    16
  Dodge: Dodged            |   102 |     9 ||   111
